 Dungeon Crawl Stone Soup version 0.26.0-18-gc5c842f807 (webtiles) character file.

Game seed: 17063064235336464077

12 thiole the Magician (level 2, -1/17 HPs)
             Began as an Octopode Hedge Wizard on Jan 23, 2021.
             Slain by a leopard gecko (2 damage)
             ... on level 1 of the Dungeon.
             The game lasted 00:00:54 (298 turns).

thiole the Magician (Octopode Hedge Wizard)          Turns: 298, Time: 00:00:55

Health: -1/17      AC:  1    Str:  9    XL:     2   Next: 33%
Magic:  1/6        EV: 13    Int: 16    God:
Gold:   20         SH:  0    Dex: 11    Spells: 6/7 levels left

rFire    . . .     SeeInvis .   a - +0 dagger
rCold    . . .     Faith    .   (no shield)
rNeg     . . .     Spirit   .   b - +0 hat
rPois    .         Reflect  .   (no amulet)
rElec    .         Harm     .   (no ring)
rCorr    .         Rampage  .   (no ring)
Will     .....                  (no ring)
Stlth    +++.......             (no ring)
HPRegen  0.05/turn              (no ring)
MPRegen  0.10/turn              (no ring)
                                (no ring)
                                (no ring)

@: no status effects
A: almost no armour, stealthy swim, amphibious, 8 rings, constrict 8, camouflage
1, gelatinous body 1
a: no special abilities


You were on level 1 of the Dungeon.
You visited 1 branch of the dungeon, and saw 1 of its levels.

You collected 20 gold pieces.

Inventory:

Hand Weapons
 a - a +0 dagger (weapon)
Armour
 b - a +0 hat (worn)
Scrolls
 d - a scroll of blinking {unknown}
Potions
 c - 2 potions of heal wounds {unknown}


   Skills:
 - Level 2.1 Dodging
 + Level 3.0 Stealth
 + Level 3.1 Spellcasting
 * Level 1.2 Conjurations
 * Level 1.3 Summonings
 - Level 1.1 Translocations


You had 6 spell levels left.
You knew the following spells:

 Your Spells              Type           Power        Failure   Level
a - Magic Dart            Conj           24%          11%         1

Your spell library contained the following spells:

 Spells                   Type           Power        Failure   Level
 Call Imp                 Summ           6%           16%         2
 Blink                    Tloc           N/A          17%         2
 Slow                     Hex            2%           28%         2
 Conjure Flame            Conj/Fire      4%           41%         3
 Mephitic Cloud           Conj/Pois/Air  3%           43%         3


Dungeon Overview and Level Annotations

Branches:
Dungeon (1/15)

Altars:


Innate Abilities, Weirdness & Mutations

You cannot wear most types of armour.
You are very stealthy in the water. (Stealth+)
You are amphibious.
You can wear up to eight rings at the same time.
You can use your tentacles to constrict eight enemies at once.
Your skin changes colour to match your surroundings (Stealth+).
Your rubbery body absorbs attacks. (AC +1, EV +1)


Message History

* * * LOW HITPOINT WARNING * * *
You hit the kobold.
You kill the kobold!
The leopard gecko bites you.
* * * LOW HITPOINT WARNING * * *
The leopard gecko closely misses you.
Unknown command.
You see here a stone.
You hit the leopard gecko. Your grab misses the leopard gecko.
Your squeeze misses the leopard gecko.
The leopard gecko is moderately wounded.
The leopard gecko barely misses you.
You hit the leopard gecko but do no damage.
Your grab misses the leopard gecko.
The leopard gecko is moderately wounded.
The leopard gecko barely misses you.
You closely miss the leopard gecko. You grab the leopard gecko.
The leopard gecko is moderately wounded.
You constrict the leopard gecko. The leopard gecko bites you.
You die...

################## #
.................. .. ##
.............>#### #.##.
.....####...####
#....######..####...#..)
#†(†(.#...............
#####l#.#..#####..#.## #
#@#..)............
#.#####.###...##########
#......................#
........####.#.......#.#
####..............##....
.....................#.#
........####.####.##.#.#
...................#.#.#
##############....###.#.##.##.#.#


You could see a leopard gecko.

Vanquished Creatures
  A leopard gecko (D:1)
  3 hobgoblins (D:1)
  A bat (D:1)
  3 goblins (D:1)
  A kobold (D:1)
  2 rats (D:1)
11 creatures vanquished.

Notes
Turn   | Place    | Note
-------+----------+-------------------------------------------
     0 | D:1      | thiole the Octopode Hedge Wizard began the quest for the
                  | Orb.
     0 | D:1      | Reached XP level 1. HP: 11/11 MP: 4/4
   191 | D:1      | Reached XP level 2. HP: 17/17 MP: 1/6
   298 | D:1      | Slain by a leopard gecko

Illustrated notes

Levels and vault maps discovered:
D:1:      lordsloth_arrival_two_stooges, layout_basic, minmay_hexomino_u4

Skill      XL: |  1  2 |
---------------+-------+-----
Stealth        | 3 |  3.0
Dodging        | |  2.1
Spellcasting   | |  3.1
Conjurations   | |  1.2
Summonings     | |  1.3
Translocations | |  1.1

Action                   || total
-------------------------++-------
Melee: Dagger            ||    11
       Constrict         ||     4
       Tentacles         ||     1
 Cast: Magic Dart        ||    16
Dodge: Dodged            ||     6
